 Dungeon Crawl Stone Soup version 0.29.0-4-gdea44cf6ec (webtiles) character file.

Game seed: 3271466944301751907

129 qw the Chopper (level 5, 0/30 HPs)
             Began as a Tengu Warper on Aug 28, 2022.
             Slain by Terence
             ... wielding a +0 hand axe
              (6 damage)
             ... on level 3 of the Dungeon.
             The game lasted 00:00:16 (2782 turns).

qw the Chopper (Tengu Warper)                       Turns: 2782, Time: 00:00:17

Health: 0/30       AC:  6    Str: 13    XL:     5   Next: 12%
Magic:  9/9        EV: 14    Int: 14    God:
Gold:   143        SH:  0    Dex: 13    Spells: 8/8 levels left

rFire   . . .      SeeInvis +   Y - +2 hand axe (chaos)
rCold   . . .      Faith    .   (no shield)
rNeg    . . .      Spirit   .   k - +2 leather armour {rPois}
rPois   +          Reflect  .   (helmet restricted)
rElec   .          Harm     .   (no cloak)
rCorr   .          Rampage  .   e - +0 pair of gloves
Will    .....                   (boots unavailable)
Stlth   +.........              (no amulet)
HPRegen 0.10/turn               j - ring of see invisible
MPRegen 0.11/turn               (no ring)

@: flying quickly and evasively, quick
A: beak, talons 3, nimble flight
a: no special abilities


You were on level 3 of the Dungeon.
You visited 1 branch of the dungeon, and saw 3 of its levels.

You collected 143 gold pieces.


Innate Abilities, Weirdness & Mutations

You have a beak for a mouth.
You have claws for feet.
Your magical nature lets you fly swiftly and evasively.


   Skills:
 - Level 2.0 Fighting
 + Level 5.7 Axes
 - Level 1.0 Throwing
 - Level 1.1 Armour
 - Level 2.1 Dodging
 - Level 2.0 Spellcasting
 - Level 2.4 Translocations


You had 8 spell levels left.
You didn't know any spells.
Your spell library contained the following spells:

 Spells                   Type           Power      Damage    Failure   Level
 Blink                    Tloc           16%        N/A       17%         2
 Gell's Gravitas          Tloc           8%         N/A       34%         3
 Lesser Beckoning         Tloc           8%         N/A       34%         3
 Teleport Other           Tloc           8%         N/A       34%         3
 Manifold Assault         Tloc           8%         N/A       97%         5

Inventory:

Hand Weapons
 h - a +0 whip
 Y - a +2 hand axe of chaos (weapon)
Missiles
 i - 4 boomerangs (quivered)
Armour
 e - a +0 pair of gloves (worn)
 k - a +2 leather armour of poison resistance (worn)
Jewellery
 j - a ring of see invisible (left hand)
Scrolls
 c - a scroll of identify
 g - a scroll of summoning {unknown}
Potions
 a - a potion of degeneration {unknown}
 b - a potion of heal wounds {unknown}
 d - a potion of ambrosia {unknown}
 f - 2 potions of brilliance {unknown}
 l - a potion of might {unknown}

Dungeon Overview and Level Annotations

Branches:
Dungeon (3/15)

Altars:

Annotations:
D:3 Terence


Message History

Terence hits you with a +0 hand axe.
An orc comes into view. It is wielding a +0 club.
You hit the orc wizard.
Space warps horribly around the orc wizard!
Your kick misses the orc wizard.
You peck the orc wizard, but do no damage.
The orc wizard is severely wounded.
You hit Terence but do no damage. Terence closely misses you.
The orc wizard closely misses you.
You barely miss the orc wizard.
You claw the orc wizard, but do no damage.
The orc wizard is severely wounded.
You hit Terence. You burn Terence. Terence barely misses you.
The orc wizard closely misses you.
You hit the orc wizard.
The orc wizard easily resists.
You claw the orc wizard.
You kill the orc wizard!
You hit Terence but do no damage.
Terence goes berserk!
Terence misses you.
You have reached level 5!
Your magical nature develops, letting you fly swiftly and evasively.
You hit Terence. Your kick misses Terence. You peck Terence.
Terence is moderately wounded.
You hit the orc.
The orc seems to slow down.
The orc is no longer moving slowly.
Terence hits you but does no damage. Terence closely misses you.
You hit Terence but do no damage. Your kick misses Terence.
Terence is moderately wounded.
You hit the orc.
The orc seems to speed up.
The orc hits you with a +0 mace. Terence barely misses you.
The orc barely misses you.
You closely miss the orc. You claw the orc.
The orc is severely wounded.
You closely miss the orc. You closely miss Terence.
Terence hits you with a +0 hand axe. The orc hits you with a +0 mace.
Terence hits you with a +0 hand axe! The orc barely misses you.
You hit the orc but do no damage. Lightning courses through the orc!
You kill the orc!
You barely miss the orc. You hit Terence. Lightning courses through Terence!
Terence hits you with a +0 hand axe.
You die...

............#..... .#
###.####.#####.#.##..#
.....................#
####.##.######.#.###.#
#.##.......#.#.#
#.##.###.###.#.#
#.##.........#.#
#.######.###.#.# #@#
#.....#.#
#....@)o......###...#
#....o........# #...###
#.............# #......
#.............# #......
...............###......
.###....?...............
#..############......
#......


You could see Terence (berserk) and 2 orcs.

Vanquished Creatures
  An orc wizard (D:3)
  Robin (D:3)
  2 adders (D:3)
  A worm (D:2)
  2 dart slugs (D:1)
  An orc (D:3)
  7 ball pythons
  4 endoplasms
  2 giant cockroaches (D:2)
  12 goblins
  8 hobgoblins
  6 jackals
  5 quokkas
  2 bats
  3 frilled lizards
  5 kobolds
  A rat (D:1)
63 creatures vanquished.

Vanquished Creatures (others)
  6 plants (D:1)
6 creatures vanquished.

Grand Total: 69 creatures vanquished

Notes
Turn   | Place    | Note
-------+----------+-------------------------------------------
     0 | D:1      | qw the Tengu Warper began the quest for the Orb.
     0 | D:1      | Reached XP level 1. HP: 12/12 MP: 4/4
     0 | D:1      | 0 ||| qw: Version: 0.1-a-89-g26bdef1
     0 | D:1      | 0 ||| qw: Game counter: 3279
     0 | D:1      | 0 ||| qw: Always use a shield: true
     0 | D:1      | 0 ||| qw: God list: Okawaru
     0 | D:1      | 0 ||| qw: Allow faded altars: false
     0 | D:1      | 0 ||| qw: Do Orc after D:15 true
     0 | D:1      | 0 ||| qw: Do second Lair branch before Depths: true
     0 | D:1      | 0 ||| qw: Lair rune preference: random
     0 | D:1      | 0 ||| qw: Plans: Normal
     0 | D:1      | 0 ||| PLANNING D:1-11
   134 | D:1      | Reached XP level 2. HP: 13/17 MP: 6/6
   178 | D:1      | 178 ||| Stepping ~*~*~tactically~*~*~ (stealth).
   209 | D:1      | Reached skill level 3 in Axes
   443 | D:1      | 443 ||| DROPPING +0 club.
   658 | D:1      | 658 ||| Stepping ~*~*~tactically~*~*~ (stealth).
   659 | D:1      | 659 ||| Stepping ~*~*~tactically~*~*~ (stealth).
  1005 | D:1      | Reached XP level 3. HP: 11/21 MP: 7/7
  1426 | D:1      | 1426 ||| UPGRADING to +0 pair of gloves.
  1431 | D:1      | 1431 ||| UPGRADING to ring of see invisible.
  1432 | D:1      | 1432 ||| READING scroll labelled XEIKUUDOQY.
  1436 | D:1      | 1436 ||| READING scroll labelled ALEBAHOFITA.
  1437 | D:1      | 1437 ||| READING scroll labelled XYRIOSH IPNEA.
  1438 | D:1      | 1438 ||| READING scroll labelled EZOSUORYTH.
  1439 | D:1      | 1439 ||| DROPPING scroll of blinking.
  1559 | D:2      | Reached skill level 4 in Axes
  1653 | D:2      | 1653 ||| READING scroll of enchant weapon.
  1653 | D:2      | 1653 ||| ENCHANTING +1 hand axe of chaos.
  1676 | D:2      | 1676 ||| Stepping ~*~*~tactically~*~*~ (stealth).
  1678 | D:2      | 1678 ||| Stepping ~*~*~tactically~*~*~ (stealth).
  1681 | D:2      | 1681 ||| Stepping ~*~*~tactically~*~*~ (stealth).
  1682 | D:2      | 1682 ||| Stepping ~*~*~tactically~*~*~ (stealth).
  1683 | D:2      | 1683 ||| Stepping ~*~*~tactically~*~*~ (stealth).
  1684 | D:2      | 1684 ||| Stepping ~*~*~tactically~*~*~ (stealth).
  2091 | D:2      | 2091 ||| UPGRADING to +2 leather armour of poison
                  | resistance.
  2101 | D:2      | 2101 ||| DROPPING +0 leather armour.
  2102 | D:2      | 2102 ||| DROPPING ring of flight.
  2103 | D:2      | 2103 ||| READING 2 scrolls labelled TUTHEGAZIA.
  2139 | D:3      | Reached XP level 4. HP: 26/26 MP: 8/8
  2241 | D:3      | Noticed Robin
  2242 | D:3      | 2242 ||| Stepping ~*~*~tactically~*~*~ (stealth).
  2258 | D:3      | Killed Robin
  2259 | D:3      | Reached skill level 5 in Axes
  2435 | D:3      | 2435 ||| Stepping ~*~*~tactically~*~*~ (stealth).
  2569 | D:3      | 2569 ||| Stepping ~*~*~tactically~*~*~ (hiding).
  2671 | D:3      | 2671 ||| Stepping ~*~*~tactically~*~*~ (hiding).
  2773 | D:3      | Noticed Terence
  2779 | D:3      | Gained mutation: Your magical nature lets you fly swiftly
                  | and evasively. [Tengu growth]
  2779 | D:3      | Reached XP level 5. HP: 23/30 MP: 9/9
  2781 | D:3      | HP: 6/30 [Terence/+0 hand axe (7)]
  2782 | D:3      | Slain by Terence

Levels and vault maps discovered:
D:1:      lightli_arrival_boilingwater, layout_basic, chequers_big_river
D:2:      layout_basic
D:3:      layout_basic, ebering_ecumenical_altar_mist, columned_hall_lemuel,
          uniq_robin, uniq_terence

Skill      XL: |  1  2  3  4 |
---------------+-------------+-----
Axes           | 3 4 5 |  5.7
Fighting       | |  2.0
Throwing       | |  1.0
Armour         | |  1.1
Dodging        | |  2.1
Spellcasting   | |  2.0
Translocations | |  2.4

Action                   |  1- 3 |  4- 6 || total
-------------------------+-------+-------++-------
Melee: Hand axe          |    79 |    37 ||   116
       Kick              |    17 |     9 ||    26
       Peck              |     7 |     6 ||    13
       Punch             |       |     1 ||     1
Throw: Boomerang         |    16 |    11 ||    27
  Use: Scroll            |     6 |       ||     6
Armor: Leather armour    |     8 |     6 ||    14
Dodge: Dodged            |    44 |    25 ||    69

Table legend:
 A = Non-vault XP
 B = Vault XP
 C = Vault XP percentage of total XP
 D = Non-vault monster count
 E = Vault monster count
 F = Vault count percentage of total count
                 A         B        C        D         E       F
            +---------+---------+-------+---------+---------+-------
      Total |     148 |      40 |  21.3 |      50 |      13 |  20.6
            +---------+---------+-------+---------+---------+-------
        D:1 |      38 |       0 |   0.0 |      20 |       0 |   0.0
        D:2 |      37 |       0 |   0.0 |      20 |       0 |   0.0
        D:3 |      73 |      40 |  35.4 |      10 |      13 |  56.5
            +---------+---------+-------+---------+---------+-------
